[ AOE2 MATCH · #475166833 ]
UnrankedPersians vs Khmer
[ REPLAY ANALYSIS · EXTRACTED FROM THE RECORDED GAME ]
Feudal
11:38
Castle
27:17
Imperial
—
| APM avg | 29.1 |
| APM peak | 118 |
| eAPM avg | 16.0 |
| Villagers / military | 139 / 164 |
Focus
⚔️ 27.6% · 🌾 72.4%
Scout Cavalry ×69 · Cavalry Archer ×41 · Skirmisher ×20 · Knight ×15 · War Elephant ×12 · Trade Cart ×7
Feudal
—
Castle
—
Imperial
—
| APM avg | 6.8 |
| APM peak | 22 |
| eAPM avg | 4.4 |
| Villagers / military | 44 / 24 |
Focus
⚔️ 27.8% · 🌾 72.2%
Ballista Elephant ×16 · Skirmisher ×8
Feudal
11:38
Castle
21:21
Imperial
31:27
| APM avg | 12.9 |
| APM peak | 79 |
| eAPM avg | 10.1 |
| Villagers / military | 66 / 41 |
Focus
⚔️ 24.5% · 🌾 75.5%
Hussite Wagon ×19 · Knight ×13 · Trade Cart ×13 · Spearman ×9
Feudal
—
Castle
—
Imperial
—
| APM avg | 13.8 |
| APM peak | 34 |
| eAPM avg | 9.2 |
| Villagers / military | 61 / 41 |
Focus
⚔️ 18.0% · 🌾 82.0%
Spearman ×30 · Camel Scout ×6 · Militia ×5
Feudal
11:55
Castle
35:53
Imperial
—
| APM avg | 8.3 |
| APM peak | 18 |
| eAPM avg | 7.1 |
| Villagers / military | 27 / 60 |
Focus
⚔️ 38.0% · 🌾 62.0%
Spearman ×29 · Militia ×20 · Archer ×11 · Trade Cart ×3
Feudal
—
Castle
—
Imperial
—
| APM avg | 10.0 |
| APM peak | 30 |
| eAPM avg | 7.5 |
| Villagers / military | 56 / 53 |
Focus
⚔️ 35.2% · 🌾 64.8%
Spearman ×45 · Unknown (1911) ×14 · Iron Pagoda ×6 · Monk ×2 · Trade Cart ×2
Feudal
16:48
Castle
36:40
Imperial
—
| APM avg | 6.2 |
| APM peak | 25 |
| eAPM avg | 4.5 |
| Villagers / military | 25 / 43 |
Focus
⚔️ 41.6% · 🌾 58.4%
Skirmisher ×16 · Spearman ×13 · Militia ×8 · Scout Cavalry ×6
Feudal
14:04
Castle
—
Imperial
—
| APM avg | 6.3 |
| APM peak | 29 |
| eAPM avg | 4.2 |
| Villagers / military | 58 / 6 |
Focus
⚔️ 8.1% · 🌾 91.9%
Militia ×6
Match map
Initial resources + every placement click. Lines = walls · curves = elevation contours. ◆ gold · ⬟ stone · ● berries · ✦ relic · ◌ wall gap
Your base· Open — unwalled flank
Kasirga358967's base· Open — unwalled flank
RPL Hydra's base· Open — unwalled flank
Andreu 1977's base· Open — unwalled flank
easycat04's base· Open — unwalled flank
Mgc789234's base· Open — unwalled flank
FischSchreck's base· Open — unwalled flank
RocknRolla's base· Open — unwalled flank
Smoothed initial terrain · ◌ = detected wall gap · hover for details
Inputs per minute
— Spuky2026 - - Kasirga358967
Build order — Spuky2026
First 150 of 256 actions detected
| 0:02 | Create | Villager (Male) ×5 |
| 0:02 | Create | Villager (Male) ×5 |
| 0:06 | Build | House |
| 0:08 | Build | House |
| 1:34 | Create | Villager (Male) |
| 1:52 | Build | Lumber Camp |
| 1:53 | Create | Villager (Male) |
| 1:53 | Create | Villager (Male) |
| 2:23 | Create | Villager (Male) |
| 2:53 | Create | Villager (Male) |
| 3:20 | Build | House |
| 3:22 | Create | Villager (Male) |
| 3:34 | Create | Villager (Male) |
| 4:23 | Create | Villager (Male) |
| 4:37 | Build | Mill |
| 5:23 | Create | Villager (Male) |
| 6:12 | Create | Villager (Male) |
| 6:13 | Create | Villager (Male) |
| 6:13 | Create | Villager (Male) |
| 6:23 | Build | House |
| 6:41 | Create | Villager (Male) ×5 |
| 7:08 | Build | Mining Camp |
| 7:20 | Build | Farm |
| 7:24 | Build | Farm |
| 7:40 | Create | Villager (Male) |
| 7:55 | Build | Lumber Camp |
| 8:50 | Build | House |
| 9:25 | Research | Feudal Age |
| 9:39 | Research | Loom |
| 9:48 | Build | Mining Camp |
| 9:59 | Create | Villager (Male) |
| 9:59 | Create | Villager (Male) |
| 10:07 | Build | Barracks |
| 11:38 | Age | Feudal Age |
| 11:43 | Build | Stable |
| 12:45 | Create | Villager (Male) |
| 12:46 | Create | Villager (Male) |
| 12:49 | Create | Scout Cavalry ×2 |
| 12:56 | Build | House |
| 13:19 | Create | Villager (Male) |
| 13:20 | Create | Villager (Male) |
| 13:33 | Build | Farm |
| 13:35 | Build | Farm |
| 13:37 | Create | Villager (Male) |
| 13:50 | Build | Farm |
| 13:53 | Build | Farm |
| 13:54 | Build | Farm |
| 14:04 | Build | House |
| 14:06 | Build | House |
| 14:18 | Create | Villager (Male) ×2 |
| 14:33 | Build | Farm |
| 14:35 | Build | Farm |
| 14:36 | Build | Farm |
| 14:38 | Build | Farm |
| 14:41 | Build | Farm |
| 14:55 | Create | Villager (Male) |
| 15:27 | Create | Scout Cavalry |
| 15:28 | Create | Scout Cavalry |
| 15:35 | Create | Villager (Male) |
| 15:41 | Create | Villager (Male) |
| 15:50 | Build | Farm |
| 15:52 | Build | Farm |
| 15:53 | Build | Farm |
| 15:55 | Build | Farm |
| 16:01 | Build | Farm |
| 16:03 | Build | Farm |
| 16:04 | Build | Farm |
| 16:08 | Build | Farm |
| 16:11 | Create | Villager (Male) |
| 16:18 | Create | Scout Cavalry |
| 16:41 | Build | House |
| 16:42 | Build | House |
| 16:43 | Build | House |
| 16:45 | Create | Scout Cavalry |
| 16:49 | Create | Villager (Male) |
| 17:08 | Create | Villager (Male) ×2 |
| 17:08 | Create | Villager (Male) |
| 18:07 | Build | Farm |
| 18:08 | Build | Farm |
| 18:10 | Build | Farm |
| 18:23 | Create | Scout Cavalry ×4 |
| 18:23 | Create | Scout Cavalry ×4 |
| 18:45 | Research | Bloodlines |
| 18:45 | Create | Scout Cavalry ×5 |
| 18:54 | Build | Farm |
| 18:56 | Build | Farm |
| 18:57 | Build | Farm |
| 18:58 | Build | Farm |
| 18:59 | Build | Farm |
| 19:01 | Create | Villager (Male) ×2 |
| 19:06 | Create | Villager (Male) |
| 19:12 | Create | Villager (Male) |
| 19:12 | Create | Villager (Male) ×2 |
| 19:12 | Create | Villager (Male) ×2 |
| 19:40 | Create | Villager (Male) |
| 19:40 | Create | Villager (Male) |
| 19:46 | Build | Farm |
| 19:46 | Build | Farm |
| 19:48 | Build | Farm |
| 20:03 | Build | House |
| 20:04 | Build | House |
| 20:05 | Create | Villager (Male) ×4 |
| 20:13 | Create | Scout Cavalry ×2 |
| 20:26 | Create | Villager (Male) |
| 21:08 | Create | Scout Cavalry ×4 |
| 22:13 | Create | Villager (Male) ×5 |
| 22:17 | Build | House |
| 22:18 | Build | House |
| 22:19 | Build | House |
| 22:21 | Build | House |
| 22:23 | Create | Scout Cavalry ×3 |
| 22:25 | Create | Villager (Male) |
| 22:54 | Build | Market |
| 23:03 | Build | Blacksmith |
| 24:09 | Create | Villager (Male) |
| 24:10 | Create | Scout Cavalry |
| 24:10 | Create | Scout Cavalry |
| 24:10 | Create | Scout Cavalry |
| 24:29 | Create | Villager (Male) |
| 24:51 | Research | Castle Age |
| 24:54 | Create | Scout Cavalry ×2 |
| 25:50 | Create | Scout Cavalry |
| 25:50 | Create | Scout Cavalry |
| 25:52 | Create | Villager (Male) ×4 |
| 25:58 | Research | Wheelbarrow |
| 26:09 | Research | Double-Bit Axe |
| 26:16 | Research | Horse Collar |
| 27:17 | Age | Castle Age |
| 27:18 | Create | Knight ×5 |
| 27:19 | Create | Knight ×5 |
| 27:25 | Create | Villager (Male) ×2 |
| 27:39 | Build | Castle |
| 27:43 | Create | Villager (Male) ×2 |
| 27:49 | Build | Farm |
| 27:50 | Build | Farm |
| 27:51 | Build | Farm |
| 28:10 | Create | Trade Cart |
| 28:19 | Create | Trade Cart ×2 |
| 28:30 | Build | House |
| 28:31 | Build | House |
| 28:33 | Build | House |
| 28:40 | Research | Heavy Plow |
| 28:44 | Research | Bow Saw |
| 30:09 | Create | Villager (Male) ×5 |
| 30:09 | Create | Villager (Male) ×5 |
| 30:09 | Create | Villager (Male) ×2 |
| 30:19 | Create | War Elephant ×2 |
| 31:06 | Build | Farm |
| 31:12 | Build | Farm |
| 31:15 | Build | Farm |
Build order — Kasirga358967
First 150 of 153 actions detected
| 2:29 | Create | Villager (Male) |
| 2:29 | Create | Villager (Male) |
| 2:52 | Build | House |
| 3:19 | Create | Villager (Male) |
| 3:19 | Create | Villager (Male) |
| 4:04 | Build | Mill |
| 4:13 | Create | Villager (Male) |
| 4:13 | Create | Villager (Male) |
| 4:26 | Build | House |
| 4:27 | Build | House |
| 4:31 | Build | House |
| 5:02 | Create | Villager (Male) |
| 5:02 | Create | Villager (Male) |
| 5:49 | Create | Villager (Male) |
| 5:49 | Create | Villager (Male) |
| 5:49 | Create | Villager (Male) |
| 6:15 | Create | Villager (Male) |
| 6:16 | Create | Villager (Male) |
| 6:16 | Create | Villager (Male) |
| 6:49 | Create | Villager (Male) |
| 6:49 | Create | Villager (Male) |
| 7:07 | Create | Villager (Male) |
| 7:14 | Create | Villager (Male) |
| 7:41 | Create | Villager (Male) |
| 8:18 | Create | Villager (Male) |
| 8:18 | Create | Villager (Male) |
| 8:18 | Create | Villager (Male) |
| 10:52 | Research | Feudal Age |
| 11:36 | Build | Lumber Camp |
| 13:05 | Research | Wheelbarrow |
| 13:09 | Research | Horse Collar |
| 13:13 | Research | Double-Bit Axe |
| 13:22 | Create | Villager (Male) |
| 13:23 | Create | Villager (Male) |
| 13:23 | Create | Villager (Male) |
| 13:23 | Create | Villager (Male) |
| 13:38 | Build | Farm |
| 13:40 | Build | Farm |
| 13:42 | Build | Farm |
| 13:44 | Build | Farm |
| 13:47 | Build | Farm |
| 13:50 | Build | Farm |
| 13:58 | Build | Farm |
| 14:07 | Build | Farm |
| 15:23 | Build | House |
| 15:25 | Build | House |
| 15:29 | Build | House |
| 15:38 | Create | Villager (Male) |
| 15:38 | Create | Villager (Male) |
| 15:38 | Create | Villager (Male) |
| 15:39 | Create | Villager (Male) |
| 16:07 | Build | Farm |
| 16:15 | Build | Farm |
| 16:29 | Build | Farm |
| 16:34 | Build | Farm |
| 16:43 | Build | Farm |
| 17:09 | Build | Mining Camp |
| 17:44 | Build | Mining Camp |
| 18:20 | Create | Villager (Male) |
| 18:20 | Create | Villager (Male) |
| 18:21 | Create | Villager (Male) |
| 18:21 | Create | Villager (Male) |
| 18:21 | Create | Villager (Male) |
| 18:22 | Create | Villager (Male) |
| 18:23 | Create | Villager (Male) |
| 18:34 | Research | Gold Mining |
| 18:36 | Research | Stone Mining |
| 19:15 | Build | Archery Range |
| 19:18 | Build | Archery Range |
| 19:20 | Build | Archery Range |
| 19:30 | Build | Archery Range |
| 19:35 | Build | Archery Range |
| 21:06 | Build | Stone Wall |
| 21:41 | Create | Villager (Male) |
| 21:42 | Create | Villager (Male) |
| 21:42 | Create | Villager (Male) |
| 21:42 | Create | Villager (Male) |
| 21:42 | Create | Villager (Male) |
| 21:42 | Create | Villager (Male) |
| 21:43 | Create | Villager (Male) |
| 23:07 | Build | Stone Wall |
| 24:07 | Build | Stone Wall |
| 25:12 | Build | Stone Wall |
| 25:42 | Create | Skirmisher |
| 25:43 | Create | Skirmisher |
| 25:43 | Create | Skirmisher |
| 25:43 | Create | Skirmisher |
| 25:43 | Create | Skirmisher |
| 25:44 | Create | Skirmisher |
| 25:44 | Create | Skirmisher |
| 25:44 | Create | Skirmisher |
| 25:49 | Research | Castle Age |
| 26:05 | Build | House |
| 26:06 | Build | House |
| 26:07 | Build | House |
| 26:08 | Build | House |
| 26:10 | Build | House |
| 26:15 | Build | House |
| 26:16 | Build | House |
| 26:18 | Build | House |
| 26:19 | Build | House |
| 26:21 | Build | House |
| 26:23 | Build | House |
| 26:24 | Build | House |
| 26:26 | Build | House |
| 26:27 | Build | House |
| 26:30 | Build | House |
| 26:35 | Build | House |
| 27:26 | Build | Stone Wall |
| 27:55 | Build | Blacksmith |
| 30:11 | Build | Stone Wall |
| 30:50 | Build | Castle |
| 30:53 | Build | Castle |
| 31:26 | Build | Stone Wall |
| 33:27 | Build | Mining Camp |
| 33:50 | Create | Ballista Elephant |
| 33:50 | Create | Ballista Elephant |
| 33:51 | Create | Ballista Elephant |
| 33:51 | Create | Ballista Elephant |
| 33:51 | Create | Ballista Elephant |
| 33:51 | Create | Ballista Elephant |
| 33:52 | Create | Ballista Elephant |
| 33:52 | Create | Ballista Elephant |
| 33:52 | Create | Ballista Elephant |
| 33:52 | Create | Ballista Elephant |
| 33:53 | Create | Ballista Elephant |
| 33:53 | Create | Ballista Elephant |
| 33:53 | Create | Ballista Elephant |
| 33:53 | Create | Ballista Elephant |
| 33:53 | Create | Ballista Elephant |
| 33:54 | Create | Ballista Elephant |
| 34:16 | Build | Mining Camp |
| 34:25 | Research | Padded Archer Armor |
| 34:29 | Research | Fletching |
| 34:50 | Build | House |
| 34:52 | Build | House |
| 34:53 | Build | House |
| 34:55 | Build | House |
| 34:56 | Build | House |
| 34:58 | Build | House |
| 35:01 | Build | House |
| 35:02 | Build | House |
| 35:43 | Research | Bow Saw |
| 35:47 | Research | Heavy Plow |
| 35:51 | Research | Hand Cart |
| 35:53 | Research | Imperial Age |
| 36:08 | Research | Gold Shaft Mining |
| 36:09 | Research | Stone Shaft Mining |
| 38:53 | Build | Mining Camp |
| 39:42 | Build | Stone Wall |
Build order — RPL Hydra
First 150 of 210 actions detected
| 0:04 | Build | House |
| 0:05 | Build | House |
| 0:41 | Create | Villager (Male) |
| 0:41 | Create | Villager (Male) |
| 0:41 | Create | Villager (Male) |
| 0:42 | Create | Villager (Male) |
| 0:42 | Create | Villager (Male) |
| 2:25 | Create | Villager (Male) |
| 2:25 | Create | Villager (Male) |
| 2:36 | Create | Villager (Male) |
| 2:59 | Build | Lumber Camp |
| 3:22 | Create | Villager (Male) |
| 3:59 | Create | Villager (Male) |
| 4:00 | Create | Villager (Male) |
| 4:33 | Create | Villager (Male) |
| 4:58 | Build | House |
| 5:02 | Build | Mill |
| 5:20 | Create | Villager (Male) |
| 5:20 | Create | Villager (Male) |
| 5:21 | Create | Villager (Male) |
| 6:15 | Create | Villager (Male) |
| 7:41 | Build | Farm |
| 7:47 | Build | Farm |
| 7:48 | Build | Farm |
| 7:53 | Build | Farm |
| 8:00 | Create | Villager (Male) |
| 8:00 | Create | Villager (Male) |
| 8:01 | Create | Villager (Male) |
| 8:09 | Build | House |
| 8:33 | Build | Mining Camp |
| 9:28 | Research | Feudal Age |
| 10:45 | Build | House |
| 10:46 | Build | House |
| 10:47 | Build | House |
| 11:38 | Age | Feudal Age |
| 11:42 | Create | Villager (Male) |
| 11:42 | Create | Villager (Male) |
| 11:43 | Create | Villager (Male) |
| 11:43 | Create | Villager (Male) |
| 11:54 | Research | Double-Bit Axe |
| 11:56 | Research | Horse Collar |
| 13:15 | Build | Market |
| 13:23 | Build | Blacksmith |
| 13:36 | Create | Villager (Male) |
| 13:51 | Build | Mining Camp |
| 14:10 | Build | Farm |
| 14:18 | Build | Farm |
| 14:51 | Create | Villager (Male) |
| 14:52 | Create | Villager (Male) |
| 14:58 | Build | Farm |
| 15:00 | Build | Farm |
| 15:01 | Build | Farm |
| 15:51 | Build | Barracks |
| 15:58 | Build | Farm |
| 16:00 | Build | Farm |
| 16:02 | Build | Farm |
| 16:25 | Create | Villager (Male) |
| 16:25 | Create | Villager (Male) |
| 16:25 | Create | Villager (Male) |
| 16:25 | Create | Villager (Male) |
| 17:33 | Build | Stable |
| 17:34 | Create | Spearman |
| 17:34 | Create | Spearman |
| 17:35 | Create | Spearman |
| 17:35 | Create | Spearman |
| 17:35 | Create | Spearman |
| 17:48 | Build | Farm |
| 18:29 | Build | Archery Range |
| 18:41 | Research | Castle Age |
| 19:29 | Build | Watch Tower |
| 20:31 | Build | Palisade Wall |
| 21:21 | Age | Castle Age |
| 21:38 | Create | Knight |
| 21:38 | Create | Knight |
| 21:38 | Create | Knight |
| 21:39 | Create | Knight |
| 21:39 | Create | Knight |
| 21:42 | Create | Spearman |
| 21:43 | Create | Spearman |
| 21:43 | Create | Spearman |
| 21:43 | Create | Spearman |
| 21:45 | Research | Pikeman (upgrade) |
| 21:47 | Research | Squires |
| 22:56 | Build | House |
| 22:58 | Build | House |
| 22:59 | Build | House |
| 23:16 | Build | Town Center |
| 23:23 | Research | Bow Saw |
| 23:52 | Research | Husbandry |
| 24:00 | Build | Castle |
| 24:10 | Create | Villager (Male) |
| 24:10 | Create | Villager (Male) |
| 24:10 | Create | Villager (Male) |
| 24:10 | Create | Villager (Male) |
| 24:11 | Create | Villager (Male) |
| 24:19 | Create | Villager (Male) |
| 24:19 | Create | Villager (Male) |
| 24:19 | Create | Villager (Male) |
| 24:19 | Create | Villager (Male) |
| 24:20 | Create | Villager (Male) |
| 24:20 | Create | Villager (Male) |
| 24:20 | Create | Villager (Male) |
| 25:53 | Create | Trade Cart |
| 25:53 | Create | Trade Cart |
| 25:53 | Create | Trade Cart |
| 25:53 | Create | Trade Cart |
| 25:54 | Create | Trade Cart |
| 28:11 | Create | Hussite Wagon |
| 28:11 | Create | Hussite Wagon |
| 28:11 | Create | Hussite Wagon |
| 28:12 | Create | Hussite Wagon |
| 28:12 | Create | Hussite Wagon |
| 28:12 | Create | Hussite Wagon |
| 28:13 | Create | Hussite Wagon |
| 28:17 | Research | Imperial Age |
| 28:18 | Create | Villager (Male) |
| 28:19 | Create | Villager (Male) |
| 28:59 | Research | Forging |
| 29:58 | Create | Villager (Male) |
| 29:58 | Create | Villager (Male) |
| 29:58 | Create | Villager (Male) |
| 29:58 | Create | Villager (Male) |
| 29:59 | Create | Villager (Male) |
| 30:20 | Build | University |
| 31:27 | Age | Imperial Age |
| 31:43 | Research | Caravan |
| 32:00 | Research | Elite Hussite Wagon (upgrade) |
| 32:05 | Research | Chemistry |
| 32:16 | Create | Villager (Male) |
| 32:26 | Create | Villager (Male) |
| 32:26 | Create | Villager (Male) |
| 32:26 | Create | Villager (Male) |
| 32:40 | Build | Farm |
| 32:40 | Build | Farm |
| 32:41 | Build | Farm |
| 32:41 | Build | Farm |
| 32:42 | Build | Farm |
| 34:11 | Research | Iron Casting |
| 34:11 | Research | Scale Mail Armor |
| 34:12 | Research | Scale Barding Armor |
| 34:16 | Create | Trade Cart |
| 34:17 | Create | Trade Cart |
| 34:17 | Create | Trade Cart |
| 34:17 | Create | Trade Cart |
| 34:17 | Create | Trade Cart |
| 34:37 | Build | Farm |
| 34:41 | Build | Farm |
| 35:10 | Build | Farm |
| 36:23 | Research | Conscription |
| 36:56 | Research | Wagenburg Tactics |
Build order — Andreu 1977
First 150 of 151 actions detected
| 0:02 | Create | Villager (Male) |
| 0:02 | Create | Villager (Male) |
| 0:02 | Create | Villager (Male) |
| 0:15 | Build | House |
| 0:22 | Build | House |
| 0:24 | Build | House |
| 0:26 | Create | Villager (Male) |
| 1:31 | Create | Villager (Male) |
| 2:14 | Create | Villager (Male) |
| 2:53 | Create | Villager (Male) |
| 3:00 | Create | Villager (Male) |
| 3:42 | Create | Villager (Male) |
| 4:08 | Build | Lumber Camp |
| 4:15 | Create | Villager (Male) |
| 4:15 | Create | Villager (Male) |
| 4:45 | Create | Villager (Male) |
| 5:16 | Build | Mill |
| 5:23 | Create | Villager (Male) |
| 5:39 | Create | Villager (Male) |
| 5:58 | Create | Villager (Male) |
| 6:18 | Create | Villager (Male) |
| 6:59 | Build | House |
| 7:19 | Create | Villager (Male) |
| 7:53 | Create | Villager (Male) |
| 8:10 | Build | Barracks |
| 9:41 | Research | Feudal Age |
| 9:54 | Build | House |
| 9:56 | Build | House |
| 11:55 | Create | Villager (Male) |
| 12:09 | Build | Stable |
| 12:15 | Create | Villager (Male) |
| 12:17 | Create | Villager (Male) |
| 12:30 | Build | Blacksmith |
| 12:39 | Create | Villager (Male) |
| 12:39 | Create | Villager (Male) |
| 12:40 | Create | Villager (Male) |
| 13:02 | Research | Double-Bit Axe |
| 13:05 | Create | Villager (Male) |
| 13:05 | Create | Villager (Male) |
| 13:13 | Create | Villager (Male) |
| 13:13 | Create | Villager (Male) |
| 13:38 | Build | Mining Camp |
| 13:41 | Create | Villager (Male) |
| 13:41 | Create | Villager (Male) |
| 14:04 | Create | Camel Scout |
| 14:49 | Build | Farm |
| 14:49 | Build | Farm |
| 14:50 | Build | Farm |
| 14:50 | Build | Farm |
| 14:50 | Build | Farm |
| 14:50 | Build | Farm |
| 14:51 | Build | Farm |
| 14:51 | Build | Farm |
| 14:51 | Build | Farm |
| 14:52 | Build | Farm |
| 14:53 | Build | Farm |
| 14:53 | Build | Farm |
| 14:53 | Build | Farm |
| 14:53 | Build | Farm |
| 14:54 | Build | Farm |
| 15:19 | Research | Scale Barding Armor |
| 15:22 | Create | Villager (Male) |
| 15:43 | Build | Market |
| 16:11 | Build | House |
| 16:12 | Build | House |
| 16:33 | Create | Camel Scout |
| 17:22 | Create | Villager (Male) |
| 17:22 | Create | Villager (Male) |
| 17:30 | Build | Farm |
| 17:30 | Build | Farm |
| 17:30 | Build | Farm |
| 17:30 | Build | Farm |
| 17:31 | Build | Farm |
| 17:31 | Build | Farm |
| 17:32 | Build | Farm |
| 17:39 | Build | House |
| 17:39 | Build | House |
| 17:39 | Build | House |
| 17:39 | Build | House |
| 17:39 | Build | House |
| 18:31 | Create | Camel Scout |
| 18:31 | Create | Camel Scout |
| 19:03 | Create | Villager (Male) |
| 19:03 | Create | Villager (Male) |
| 20:13 | Build | House |
| 20:30 | Build | Farm |
| 20:31 | Build | Farm |
| 20:31 | Build | Farm |
| 20:32 | Build | Farm |
| 20:32 | Build | Farm |
| 20:32 | Build | Farm |
| 20:42 | Research | Castle Age |
| 21:28 | Build | House |
| 21:29 | Build | House |
| 21:29 | Build | House |
| 21:29 | Build | House |
| 21:30 | Build | House |
| 21:33 | Build | House |
| 21:35 | Build | House |
| 22:17 | Create | Spearman ×5 |
| 22:18 | Create | Spearman ×5 |
| 22:18 | Create | Spearman ×5 |
| 22:18 | Create | Spearman ×5 |
| 22:37 | Research | Scale Mail Armor |
| 22:51 | Research | Bloodlines |
| 22:55 | Create | Camel Scout |
| 23:09 | Create | Villager (Male) |
| 23:30 | Build | Town Center |
| 24:02 | Research | Forging |
| 24:21 | Create | Camel Scout |
| 24:28 | Create | Spearman ×5 |
| 25:34 | Research | Horse Collar |
| 25:36 | Research | Bow Saw |
| 25:37 | Create | Villager (Male) |
| 25:37 | Create | Villager (Male) |
| 25:44 | Build | Town Center |
| 25:52 | Create | Villager (Male) |
| 25:52 | Create | Villager (Male) |
| 25:52 | Create | Villager (Male) |
| 25:56 | Create | Villager (Male) |
| 25:57 | Create | Villager (Male) |
| 27:37 | Create | Villager (Male) |
| 30:14 | Create | Villager (Male) |
| 30:14 | Create | Villager (Male) |
| 30:46 | Create | Villager (Male) |
| 30:46 | Create | Villager (Male) |
| 31:30 | Create | Villager (Male) |
| 31:30 | Create | Villager (Male) |
| 31:47 | Create | Villager (Male) |
| 31:47 | Create | Villager (Male) |
| 32:18 | Create | Villager (Male) |
| 32:30 | Create | Spearman |
| 32:34 | Create | Villager (Male) |
| 32:38 | Create | Villager (Male) |
| 32:54 | Build | Town Center |
| 32:58 | Create | Villager (Male) |
| 33:54 | Create | Spearman |
| 33:54 | Create | Spearman |
| 33:54 | Create | Spearman |
| 33:55 | Create | Spearman |
| 34:05 | Create | Villager (Male) |
| 34:20 | Create | Villager (Male) |
| 37:25 | Create | Militia |
| 37:25 | Create | Militia |
| 37:46 | Build | Castle |
| 39:38 | Create | Villager (Male) |
| 39:38 | Create | Villager (Male) |
| 39:38 | Create | Villager (Male) |
| 41:50 | Create | Militia |
| 41:50 | Create | Militia |
Build order — easycat04
First 150 of 161 actions detected
| 0:18 | Research | Loom |
| 1:45 | Create | Villager (Male) |
| 2:36 | Create | Villager (Male) |
| 2:49 | Create | Villager (Male) |
| 4:04 | Create | Villager (Male) |
| 4:04 | Create | Villager (Male) |
| 5:07 | Create | Villager (Male) |
| 5:07 | Create | Villager (Male) |
| 5:20 | Create | Villager (Male) |
| 6:47 | Build | Barracks |
| 7:07 | Build | House |
| 7:11 | Build | House |
| 7:14 | Build | House |
| 7:25 | Build | Mill |
| 8:28 | Build | Lumber Camp |
| 8:35 | Create | Villager (Male) |
| 8:36 | Create | Villager (Male) |
| 9:45 | Research | Feudal Age |
| 9:54 | Create | Militia |
| 9:55 | Create | Militia |
| 9:55 | Create | Militia |
| 10:34 | Build | Mining Camp |
| 10:48 | Create | Militia |
| 11:54 | Create | Militia |
| 11:54 | Create | Militia |
| 11:55 | Age | Feudal Age |
| 11:59 | Research | Arson |
| 11:59 | Research | Arson |
| 12:26 | Research | Horse Collar |
| 12:26 | Research | Horse Collar |
| 12:54 | Build | Mining Camp |
| 13:00 | Create | Villager (Male) |
| 13:39 | Research | Double-Bit Axe |
| 17:43 | Research | Gold Mining |
| 17:44 | Research | Stone Mining |
| 17:57 | Build | Farm |
| 17:58 | Build | Farm |
| 17:59 | Build | Farm |
| 18:03 | Build | Farm |
| 18:04 | Build | Farm |
| 18:06 | Build | Farm |
| 18:08 | Build | Farm |
| 18:10 | Build | Farm |
| 18:20 | Research | Man-at-Arms (upgrade) |
| 18:21 | Create | Militia |
| 19:01 | Build | Lumber Camp |
| 19:09 | Create | Spearman |
| 19:35 | Build | Watch Tower |
| 19:45 | Build | Blacksmith |
| 19:50 | Build | Market |
| 20:36 | Create | Villager (Male) |
| 20:36 | Create | Villager (Male) |
| 20:49 | Create | Spearman |
| 20:50 | Create | Spearman |
| 21:25 | Build | Farm |
| 22:00 | Create | Spearman |
| 22:01 | Create | Spearman |
| 22:34 | Build | House |
| 22:38 | Build | House |
| 22:42 | Build | House |
| 22:47 | Create | Villager (Male) |
| 22:48 | Create | Villager (Male) |
| 22:50 | Research | Wheelbarrow |
| 22:54 | Create | Villager (Male) |
| 22:54 | Create | Villager (Male) |
| 22:55 | Create | Villager (Male) |
| 25:04 | Create | Spearman |
| 25:05 | Create | Spearman |
| 25:06 | Create | Militia |
| 25:06 | Create | Militia |
| 25:09 | Research | Forging |
| 25:10 | Research | Scale Mail Armor |
| 25:25 | Build | Farm |
| 25:33 | Build | Farm |
| 25:37 | Create | Villager (Male) |
| 25:38 | Create | Villager (Male) |
| 26:46 | Create | Spearman |
| 26:46 | Create | Spearman |
| 26:47 | Create | Spearman |
| 26:48 | Create | Militia |
| 26:48 | Create | Militia |
| 26:48 | Create | Militia |
| 27:03 | Create | Villager (Male) |
| 27:58 | Create | Villager (Male) |
| 27:59 | Create | Villager (Male) |
| 28:00 | Create | Villager (Male) |
| 28:39 | Build | Farm |
| 29:13 | Build | Farm |
| 29:27 | Build | Farm |
| 30:24 | Create | Spearman |
| 30:24 | Create | Spearman |
| 30:24 | Create | Spearman |
| 30:26 | Create | Spearman |
| 30:33 | Research | Padded Archer Armor |
| 30:34 | Research | Fletching |
| 31:59 | Build | Archery Range |
| 33:13 | Research | Castle Age |
| 33:17 | Create | Archer |
| 33:18 | Create | Archer |
| 33:19 | Create | Archer |
| 33:20 | Create | Archer |
| 33:20 | Create | Archer |
| 33:21 | Create | Archer |
| 33:21 | Create | Archer |
| 33:22 | Create | Archer |
| 33:22 | Create | Archer |
| 33:22 | Create | Archer |
| 33:22 | Create | Archer |
| 33:28 | Research | Town Watch |
| 33:49 | Build | Lumber Camp |
| 34:04 | Build | Lumber Camp |
| 34:24 | Create | Trade Cart |
| 34:24 | Create | Trade Cart |
| 34:25 | Create | Trade Cart |
| 34:53 | Create | Spearman |
| 34:53 | Create | Spearman |
| 34:54 | Create | Spearman |
| 34:55 | Create | Spearman |
| 34:55 | Create | Spearman |
| 35:50 | Build | House |
| 35:52 | Build | House |
| 35:53 | Age | Castle Age |
| 35:54 | Build | House |
| 35:55 | Build | House |
| 35:57 | Build | House |
| 36:11 | Research | Heavy Plow |
| 36:15 | Research | Bow Saw |
| 36:17 | Research | Gold Shaft Mining |
| 36:19 | Research | Stone Shaft Mining |
| 38:08 | Research | Long Swordsman (upgrade) |
| 38:08 | Research | Pikeman (upgrade) |
| 38:09 | Research | Squires |
| 38:12 | Research | Elite Skirmisher (upgrade) |
| 38:14 | Research | Crossbowman (upgrade) |
| 38:14 | Research | Thumb Ring |
| 38:20 | Research | Hand Cart |
| 38:20 | Create | Villager (Male) |
| 39:32 | Create | Villager (Male) |
| 39:32 | Create | Villager (Male) |
| 39:53 | Research | Caravan |
| 40:04 | Build | Farm |
| 40:08 | Create | Spearman |
| 40:08 | Create | Spearman |
| 40:09 | Create | Spearman |
| 40:10 | Create | Spearman |
| 41:02 | Create | Militia |
| 41:03 | Create | Militia |
| 41:03 | Create | Militia |
| 41:03 | Create | Militia |
| 41:03 | Create | Militia |
Build order — Mgc789234
First 150 of 214 actions detected
| 0:04 | Build | House |
| 0:07 | Build | House |
| 0:18 | Create | Villager (Male) |
| 0:18 | Create | Villager (Male) |
| 0:19 | Create | Villager (Male) |
| 0:19 | Create | Villager (Male) |
| 0:19 | Create | Villager (Male) |
| 0:21 | Research | Loom |
| 2:19 | Create | Villager (Male) |
| 2:19 | Create | Villager (Male) |
| 3:33 | Create | Villager (Male) |
| 3:33 | Create | Villager (Male) |
| 3:34 | Create | Villager (Male) |
| 3:34 | Create | Villager (Male) |
| 4:50 | Create | Villager (Male) |
| 4:51 | Create | Villager (Male) |
| 4:51 | Create | Villager (Male) |
| 5:51 | Build | Mill |
| 5:58 | Build | House |
| 6:00 | Build | House |
| 6:04 | Build | House |
| 10:25 | Build | Lumber Camp |
| 11:01 | Research | Feudal Age |
| 11:26 | Create | Villager (Male) |
| 11:26 | Create | Villager (Male) |
| 11:27 | Create | Villager (Male) |
| 11:27 | Create | Villager (Male) |
| 11:27 | Create | Villager (Male) |
| 13:00 | Create | Villager (Male) |
| 13:00 | Create | Villager (Male) |
| 13:23 | Build | Market |
| 13:32 | Build | Blacksmith |
| 13:53 | Build | Farm |
| 13:54 | Build | Farm |
| 13:55 | Build | Farm |
| 13:58 | Build | Farm |
| 14:00 | Build | Farm |
| 14:01 | Build | Farm |
| 14:09 | Create | Villager (Male) |
| 14:09 | Create | Villager (Male) |
| 14:10 | Research | Wheelbarrow |
| 15:13 | Build | Mining Camp |
| 16:00 | Build | House |
| 16:01 | Build | House |
| 16:03 | Build | House |
| 16:05 | Build | House |
| 16:10 | Research | Fletching |
| 16:10 | Research | Padded Archer Armor |
| 17:40 | Build | Farm |
| 18:00 | Build | Farm |
| 18:14 | Build | Farm |
| 18:21 | Create | Villager (Male) |
| 18:21 | Create | Villager (Male) |
| 18:21 | Create | Villager (Male) |
| 18:52 | Build | Farm |
| 18:57 | Build | Farm |
| 19:06 | Build | Farm |
| 19:53 | Research | Castle Age |
| 20:10 | Build | Barracks |
| 20:12 | Build | Barracks |
| 20:14 | Build | Barracks |
| 20:35 | Build | Farm |
| 20:40 | Create | Villager (Male) |
| 20:41 | Create | Villager (Male) |
| 20:41 | Create | Villager (Male) |
| 20:41 | Create | Villager (Male) |
| 20:42 | Create | Villager (Male) |
| 20:53 | Create | Villager (Male) |
| 20:54 | Create | Villager (Male) |
| 21:09 | Build | Barracks |
| 21:13 | Create | Spearman |
| 21:13 | Create | Spearman |
| 21:13 | Create | Spearman |
| 21:20 | Create | Villager (Male) |
| 21:58 | Create | Spearman |
| 21:59 | Create | Spearman |
| 21:59 | Create | Spearman |
| 21:59 | Create | Spearman |
| 22:14 | Create | Spearman |
| 22:15 | Create | Spearman |
| 22:15 | Create | Spearman |
| 22:15 | Create | Spearman |
| 22:40 | Create | Spearman |
| 22:40 | Create | Spearman |
| 24:06 | Create | Spearman |
| 24:06 | Create | Spearman |
| 24:06 | Create | Spearman |
| 24:06 | Create | Spearman |
| 24:07 | Create | Spearman |
| 24:49 | Create | Spearman |
| 24:49 | Create | Spearman |
| 24:50 | Create | Spearman |
| 24:50 | Create | Spearman |
| 24:50 | Create | Spearman |
| 24:50 | Create | Spearman |
| 24:51 | Create | Spearman |
| 24:51 | Create | Spearman |
| 26:12 | Build | Town Center |
| 26:18 | Research | Double-Bit Axe |
| 26:24 | Create | Villager (Male) |
| 26:24 | Create | Villager (Male) |
| 26:24 | Create | Villager (Male) |
| 26:30 | Build | Farm |
| 26:51 | Build | Farm |
| 28:12 | Build | Farm |
| 28:14 | Build | Farm |
| 28:29 | Create | Villager (Male) |
| 28:29 | Create | Villager (Male) |
| 28:29 | Create | Villager (Male) |
| 28:31 | Create | Villager (Male) |
| 28:31 | Create | Villager (Male) |
| 28:47 | Build | Monastery |
| 29:02 | Build | Lumber Camp |
| 29:20 | Research | Caravan |
| 29:24 | Research | Forging |
| 29:25 | Research | Scale Mail Armor |
| 30:24 | Build | Archery Range |
| 30:25 | Build | Archery Range |
| 30:26 | Build | Archery Range |
| 30:28 | Build | Archery Range |
| 30:42 | Create | Villager (Male) |
| 30:42 | Create | Villager (Male) |
| 30:43 | Create | Villager (Male) |
| 31:28 | Research | Pikeman (upgrade) |
| 31:28 | Research | Squires |
| 31:28 | Research | Arson |
| 31:29 | Create | Spearman |
| 31:30 | Create | Spearman |
| 31:30 | Create | Spearman |
| 31:30 | Create | Spearman |
| 31:44 | Build | University |
| 31:47 | Create | Monk |
| 32:15 | Build | Lumber Camp |
| 32:19 | Create | Villager (Male) |
| 32:20 | Create | Villager (Male) |
| 32:22 | Create | Villager (Male) |
| 32:23 | Create | Villager (Male) |
| 32:32 | Create | Trade Cart |
| 32:32 | Create | Trade Cart |
| 33:23 | Build | Farm |
| 34:16 | Research | Ballistics |
| 34:17 | Research | Guard Tower (upgrade) |
| 34:18 | Research | Treadmill Crane |
| 34:19 | Research | Masonry |
| 34:20 | Research | Murder Holes |
| 34:50 | Build | Castle |
| 34:57 | Create | Unit 1911 |
| 34:57 | Create | Unit 1911 |
| 34:58 | Create | Unit 1911 |
| 34:58 | Create | Unit 1911 |
Build order — FischSchreck
112 actions detected in the replay
| 0:09 | Build | House |
| 0:11 | Build | House |
| 0:13 | Build | House |
| 0:28 | Create | Villager (Male) ×4 |
| 0:30 | Research | Loom |
| 3:12 | Build | Lumber Camp |
| 3:57 | Create | Villager (Male) |
| 5:25 | Build | Mill |
| 6:17 | Create | Villager (Male) |
| 7:43 | Create | Villager (Male) |
| 7:44 | Create | Villager (Male) |
| 7:44 | Create | Villager (Male) |
| 8:20 | Create | Villager (Male) |
| 8:43 | Build | Barracks |
| 9:00 | Create | Villager (Male) |
| 10:32 | Build | Mining Camp |
| 14:38 | Research | Feudal Age |
| 15:02 | Create | Villager (Male) |
| 15:02 | Create | Villager (Male) |
| 15:02 | Create | Villager (Male) |
| 15:02 | Create | Villager (Male) |
| 15:03 | Create | Villager (Male) |
| 15:03 | Create | Villager (Male) |
| 16:44 | Create | Militia |
| 16:44 | Create | Militia |
| 16:48 | Age | Feudal Age |
| 17:46 | Build | House |
| 17:47 | Build | House |
| 17:49 | Build | House |
| 17:51 | Build | House |
| 17:52 | Build | House |
| 18:04 | Create | Militia |
| 18:04 | Create | Militia |
| 18:04 | Create | Militia |
| 18:05 | Create | Militia |
| 18:06 | Create | Militia |
| 20:05 | Build | Farm |
| 20:06 | Build | Farm |
| 20:06 | Build | Farm |
| 20:07 | Build | Farm |
| 20:08 | Build | Farm |
| 20:09 | Build | Farm |
| 20:11 | Build | Farm |
| 20:54 | Create | Villager (Male) |
| 23:19 | Research | Man-at-Arms (upgrade) |
| 23:22 | Research | Arson |
| 23:28 | Research | Wheelbarrow |
| 28:00 | Build | Archery Range |
| 28:06 | Build | Stable |
| 28:55 | Create | Villager (Male) |
| 28:55 | Create | Villager (Male) |
| 28:56 | Create | Villager (Male) |
| 28:56 | Create | Villager (Male) |
| 28:57 | Create | Villager (Male) |
| 28:57 | Create | Villager (Male) |
| 29:07 | Create | Scout Cavalry |
| 29:07 | Create | Scout Cavalry |
| 29:07 | Create | Scout Cavalry |
| 29:08 | Create | Scout Cavalry |
| 29:08 | Create | Scout Cavalry |
| 29:08 | Create | Scout Cavalry |
| 29:58 | Build | Farm |
| 30:15 | Build | Farm |
| 30:25 | Build | Farm |
| 30:47 | Build | Farm |
| 31:11 | Build | Lumber Camp |
| 31:15 | Research | Double-Bit Axe |
| 31:32 | Build | Market |
| 31:39 | Build | Blacksmith |
| 31:56 | Build | Mining Camp |
| 32:13 | Create | Skirmisher |
| 32:14 | Create | Skirmisher |
| 32:14 | Create | Skirmisher |
| 32:14 | Create | Skirmisher |
| 32:14 | Create | Skirmisher |
| 32:15 | Create | Skirmisher |
| 32:15 | Create | Skirmisher |
| 32:15 | Create | Skirmisher |
| 32:15 | Create | Skirmisher |
| 32:16 | Create | Skirmisher |
| 32:16 | Create | Skirmisher |
| 32:16 | Create | Skirmisher |
| 32:17 | Create | Skirmisher |
| 32:17 | Create | Skirmisher |
| 32:17 | Create | Skirmisher |
| 32:39 | Create | Spearman |
| 32:39 | Create | Spearman |
| 32:39 | Create | Spearman |
| 32:39 | Create | Spearman |
| 32:40 | Create | Spearman |
| 32:40 | Create | Spearman |
| 32:40 | Create | Spearman |
| 32:41 | Create | Spearman |
| 34:00 | Research | Castle Age |
| 34:02 | Create | Villager (Male) |
| 36:40 | Age | Castle Age |
| 40:09 | Build | University |
| 40:22 | Build | Monastery |
| 41:24 | Research | Imperial Age |
| 41:31 | Research | Hand Cart |
| 41:37 | Research | Crossbowman (upgrade) |
| 41:38 | Research | Thumb Ring |
| 41:40 | Research | Elite Skirmisher (upgrade) |
| 41:40 | Create | Skirmisher |
| 41:48 | Research | Squires |
| 41:48 | Research | Pikeman (upgrade) |
| 41:49 | Create | Spearman |
| 41:51 | Create | Militia |
| 42:14 | Create | Spearman |
| 42:15 | Create | Spearman |
| 42:15 | Create | Spearman |
| 42:15 | Create | Spearman |
Build order — RocknRolla
96 actions detected in the replay
| 0:16 | Build | House |
| 0:22 | Create | Villager (Male) |
| 0:22 | Create | Villager (Male) |
| 0:25 | Research | Loom |
| 0:26 | Create | Villager (Male) |
| 0:27 | Create | Villager (Male) |
| 1:13 | Create | Villager (Male) |
| 1:41 | Create | Villager (Male) |
| 3:24 | Create | Villager (Male) |
| 3:28 | Create | Villager (Male) |
| 3:28 | Create | Villager (Male) |
| 3:34 | Build | House |
| 4:44 | Create | Villager (Male) |
| 4:55 | Build | House |
| 7:07 | Create | Villager (Male) |
| 8:06 | Create | Villager (Male) |
| 8:07 | Create | Villager (Male) |
| 8:38 | Create | Villager (Male) |
| 8:40 | Create | Villager (Male) |
| 9:40 | Build | Lumber Camp |
| 10:57 | Build | Mill |
| 11:03 | Create | Villager (Male) |
| 11:04 | Create | Villager (Male) |
| 11:20 | Build | House |
| 11:38 | Research | Feudal Age |
| 12:54 | Build | Mill |
| 14:04 | Age | Feudal Age |
| 14:19 | Research | Wheelbarrow |
| 14:23 | Research | Town Watch |
| 14:46 | Research | Double-Bit Axe |
| 15:27 | Build | Mining Camp |
| 16:13 | Create | Villager (Male) |
| 16:14 | Create | Villager (Male) |
| 16:19 | Create | Villager (Male) |
| 16:45 | Build | Farm |
| 16:47 | Build | Farm |
| 16:49 | Build | Farm |
| 16:58 | Build | Farm |
| 17:01 | Build | Farm |
| 17:09 | Build | Farm |
| 17:12 | Build | Farm |
| 17:16 | Build | Farm |
| 18:58 | Build | Barracks |
| 19:16 | Build | Farm |
| 19:19 | Build | Farm |
| 19:22 | Build | Farm |
| 19:24 | Build | Farm |
| 19:55 | Create | Villager (Male) |
| 19:56 | Create | Villager (Male) |
| 19:56 | Create | Villager (Male) |
| 19:57 | Create | Villager (Male) |
| 19:58 | Create | Villager (Male) |
| 21:48 | Create | Villager (Male) |
| 21:49 | Create | Villager (Male) |
| 21:51 | Create | Villager (Male) |
| 21:51 | Create | Villager (Male) |
| 22:19 | Build | Barracks |
| 22:45 | Create | Militia |
| 22:46 | Create | Militia |
| 22:52 | Create | Militia |
| 23:30 | Create | Villager (Male) |
| 23:30 | Create | Villager (Male) |
| 23:30 | Create | Villager (Male) |
| 23:30 | Create | Villager (Male) |
| 24:20 | Create | Militia |
| 24:20 | Create | Militia |
| 24:21 | Create | Militia |
| 27:54 | Create | Villager (Male) |
| 27:55 | Create | Villager (Male) |
| 27:55 | Create | Villager (Male) |
| 27:55 | Create | Villager (Male) |
| 27:56 | Create | Villager (Male) |
| 27:56 | Create | Villager (Male) |
| 27:58 | Create | Villager (Male) |
| 28:02 | Create | Villager (Male) |
| 28:40 | Build | Mill |
| 29:09 | Build | Stone Wall |
| 31:19 | Create | Villager (Male) |
| 31:19 | Create | Villager (Male) |
| 31:19 | Create | Villager (Male) |
| 31:19 | Create | Villager (Male) |
| 31:19 | Create | Villager (Male) |
| 31:19 | Create | Villager (Male) |
| 31:20 | Create | Villager (Male) |
| 31:20 | Create | Villager (Male) |
| 31:25 | Create | Villager (Male) |
| 33:35 | Create | Villager (Male) |
| 33:37 | Create | Villager (Male) |
| 34:54 | Research | Horse Collar |
| 35:13 | Create | Villager (Male) |
| 35:14 | Create | Villager (Male) |
| 35:16 | Create | Villager (Male) |
| 35:16 | Create | Villager (Male) |
| 35:16 | Create | Villager (Male) |
| 35:16 | Create | Villager (Male) |
| 35:55 | Build | Stone Wall |
Match timeline
| 6:47 | easycat04 · first_building Barracks |
| 8:10 | Andreu 1977 · first_building Barracks |
| 8:43 | FischSchreck · first_building Barracks |
| 10:07 | Spuky2026 · first_building Barracks |
| 11:38 | Spuky2026 · age_up feudal |
| 11:38 | RPL Hydra · age_up feudal |
| 11:43 | Spuky2026 · first_building Stable |
| 11:55 | easycat04 · age_up feudal |
| 12:09 | Andreu 1977 · first_building Stable |
| 14:04 | RocknRolla · age_up feudal |
| 15:51 | RPL Hydra · first_building Barracks |
| 16:48 | FischSchreck · age_up feudal |
| 17:31 | Mgc789234 · first_market_sell 100 wood |
| 17:33 | RPL Hydra · first_building Stable |
| 18:29 | RPL Hydra · first_building Archery Range |
| 18:58 | RocknRolla · first_building Barracks |
| 19:15 | Kasirga358967 · first_building Archery Range |
| 19:47 | RPL Hydra · first_market_buy 100 food |
| 20:01 | Andreu 1977 · first_market_sell 100 wood |
| 20:10 | Mgc789234 · first_building Barracks |
| 20:31 | RPL Hydra · wall_segment Palisade Wall x20 |
| 21:06 | Kasirga358967 · wall_segment Stone Wall x12 |
| 21:21 | RPL Hydra · age_up castle |
| 23:07 | Kasirga358967 · wall_segment Stone Wall x16 |
| 24:00 | RPL Hydra · first_building Castle |
| 24:07 | Kasirga358967 · wall_segment Stone Wall x14 |
| 24:38 | Spuky2026 · first_market_sell 100 food |
| 24:42 | Spuky2026 · first_market_buy 100 food |
| 25:12 | Kasirga358967 · wall_segment Stone Wall x15 |
| 27:17 | Spuky2026 · age_up castle |
| 27:26 | Kasirga358967 · wall_segment Stone Wall x18 |
| 27:36 | Andreu 1977 · tribute_sent a jugador 1 |
| 27:36 | Andreu 1977 · tribute_sent a jugador 2 |
| 27:36 | Andreu 1977 · tribute_sent a jugador 4 |
| 27:36 | Andreu 1977 · tribute_sent a jugador 5 |
| 27:36 | Andreu 1977 · tribute_sent a jugador 6 |
| 27:36 | Andreu 1977 · tribute_sent a jugador 7 |
| 27:36 | Andreu 1977 · tribute_sent a jugador 8 |
| 27:39 | Spuky2026 · first_building Castle |
| 28:00 | FischSchreck · first_building Archery Range |
| 28:06 | FischSchreck · first_building Stable |
| 28:47 | Mgc789234 · first_building Monastery |
| 29:09 | RocknRolla · wall_segment Stone Wall x21 |
| 30:11 | Kasirga358967 · wall_segment Stone Wall x10 |
| 30:24 | Mgc789234 · first_building Archery Range |
| 30:50 | Kasirga358967 · first_building Castle |
| 31:26 | Kasirga358967 · wall_segment Stone Wall x13 |
| 31:27 | RPL Hydra · age_up imperial |
| 31:42 | Spuky2026 · first_building Archery Range |
| 31:59 | easycat04 · first_building Archery Range |
| 34:50 | Mgc789234 · first_building Castle |
| 35:53 | easycat04 · age_up castle |
| 35:55 | RocknRolla · wall_segment Stone Wall x16 |
| 36:40 | FischSchreck · age_up castle |
| 37:46 | Andreu 1977 · first_building Castle |
| 38:11 | Mgc789234 · first_building Siege Workshop |
| 39:24 | Mgc789234 · tribute_sent a jugador 1 |
| 39:24 | Mgc789234 · tribute_sent a jugador 2 |
| 39:24 | Mgc789234 · tribute_sent a jugador 3 |
| 39:24 | Mgc789234 · tribute_sent a jugador 4 |
| 39:25 | Mgc789234 · tribute_sent a jugador 6 |
| 39:25 | Mgc789234 · tribute_sent a jugador 7 |
| 39:25 | Mgc789234 · tribute_sent a jugador 8 |
| 39:42 | Kasirga358967 · wall_segment Stone Wall x14 |
| 40:16 | RocknRolla · resign |
| 40:22 | FischSchreck · first_building Monastery |
[ AI ANALYSIS · 1 CREDIT ]
What really happened in this match?
Wolo.gg analyzes every decision: build order, eco, micro, common mistakes by bracket. Personalized analysis on WhatsApp or Discord in 30 seconds.
Civ guide
Persians
Perfil
Jugador #24478312